AoeStats
← El Oscuro

Four Lakes

503244010Analyzed
2v2 RM · 1mo ago on Aug 30, 2026· 43m 25s· 4 players
Game mode
Random Map
Map size
Medium (4 player)
Population
200
Speed
Normal
Resources
Standard
Victory
Conquest
Starting age
Dark Age
Ending age
Imperial Age
RankedLock teamsTeams togetherTeam positionsShared explorationLock speedFull tech treeHidden civsTurbo modeCheats
Victory
Defeat
🇹🇷 Goths · Türkiye
905
+14
🇮🇱 Huns · Israel
886
+15
🇦🇷 Tupi · Argentina
902
-16
🇨🇴 Burgundians · Colombia
830
-13
gilsh
12:25 Loom
14:27 Feudal Age
18:52 Castle Age
17:34 Wheelbarrow
17:31 Double-Bit Axe
17:38 Fishing Lines
19:27 Gillnets
20:12 Bow Saw
24:09 Hand Cart
24:31 Gold Mining
25:21 Marauders
28:50 Gold Shaft Mining
29:03 Town Watch
29:00 Horse Collar
29:49 Forging
29:44 Scale Barding Armor
30:30 Heavy Plow
30:35 Husbandry
30:45 Bloodlines
34:50 Imperial Age
33:34 Iron Casting
33:20 Chain Barding Armor
33:45 Ballistics
33:36 Masonry
33:50 Murder Holes
34:07 Careening
34:12 Clinker Construction
36:55 Chemistry
36:06 Careening
37:00 Conscription
36:47 Squires
36:32 Arson
38:51 Blast Furnace
38:28 Plate Barding Armor
38:35 Elite Tarkan
41:47 Fletching
41:58 Padded Archer Armor
41:59 Scale Mail Armor
uakgul3
0:36 Loom
12:07 Feudal Age
12:45 Double-Bit Axe
12:44 Horse Collar
12:34 Man-at-Arms
17:28 Fletching
22:36 Castle Age
20:36 Stone Mining
20:44 Gold Mining
21:16 Scale Mail Armor
22:06 Forging
22:32 Bloodlines
22:13 Fishing Lines
22:37 Padded Archer Armor
24:47 Scale Barding Armor
26:06 Iron Casting
25:56 Crossbowman
30:29 Bodkin Arrow
31:21 Wheelbarrow
32:11 Chain Barding Armor
32:11 Murder Holes
36:17 Imperial Age
35:50 Anarchy
35:49 Pikeman
38:29 Squires
38:47 Chain Mail Armor
40:42 Blast Furnace
40:33 Town Watch
42:04 Chemistry
41:07 Bracer
DAIVASO
6:53 Loom
9:40 Feudal Age
11:20 Double-Bit Axe
12:32 Horse Collar
16:12 Fishing Lines
19:20 Gillnets
22:45 Castle Age
22:43 Scale Barding Armor
22:49 Forging
22:44 Heavy Plow
22:57 Bow Saw
22:56 Gold Mining
23:21 Cavalier
24:02 Husbandry
31:52 Two-Man Saw
31:26 Crop Rotation
30:53 Stone Mining
El Oscuro
10:48 Feudal Age
13:01 Horse Collar
15:24 Loom
17:54 Castle Age
16:21 Double-Bit Axe
22:23 Fletching
25:39 Bow Saw
28:32 Padded Archer Armor
30:17 Bodkin Arrow
31:12 Murder Holes
32:56 Champi Runner
34:15 Pikeman
Connection lost

Rejoining the realm…

Still unreachable

The connection could not be restored.

Session expired

The server has moved on; the page needs a fresh start.